 Dungeon Crawl Stone Soup version bcrawl-1.28.5 (webtiles) character file.

Game seed: 10992431726856401073

93099 SkaryMonk the Ducker (level 3, 0/29 HPs)
             Began as a Centaur Archaeologist on June 7, 2019.
             Was an Initiate of Qazlal.
             Slain by Sigmund
             ... wielding a +0 scythe
              (8 damage)
             ... on level 3 of the Dungeon on Jan 21, 2021.
             The game lasted 00:07:07 (1972 turns).

SkaryMonk the Ducker (Centaur Archaeologist)        Turns: 1972, Time: 00:07:08

Health: 0/29       AC:  8    Str: 13    XL:     3   Next: 48%
Magic:  3/3        EV: 10    Int: 14    God:    Qazlal [......]
Gold:   96         SH:  0    Dex:  7    Spells: 2/2 levels left

rFire    . . .     SeeInvis .   h - +0 dagger
rCold    . . .     Gourm    .   (no shield)
rNeg     . . .     Faith    .   a - +1 robe
rPois    .         Spirit   .   b - +1 hat
rElec    .         Reflect  .   r - scarf {stasis}
rCorr    +         Harm     .   d - +1 pair of gloves
MR       .....                  (no barding)
Stlth    +.........             (no amulet)
HPRegen  0.09/turn              n - ring of resist corrosion
MPRegen  0.08/turn              (no ring)

@: studying Long Blades, very quick
A: large, hooves 3, deformed body, speed 2, tough skin 3
a: Renounce Religion


You were on level 3 of the Dungeon.
You worshipped Qazlal.
Qazlal was noncommittal.
You were hungry.

You visited 1 branch of the dungeon, and saw 3 of its levels.

You collected 96 gold pieces.

Inventory:

Hand Weapons
 h - a +0 dagger (weapon)
 t - a +0 hand axe
Missiles
 x - 313 arrows
Armour
 a - a +1 robe (worn)
 b - a +1 hat (worn)
 c - a +1 robe
 d - a +1 pair of gloves (worn)
 r - a scarf of stasis (worn)
 v - a +0 pair of gloves
Jewellery
 n - a ring of resist corrosion (left hand)
Scrolls
 k - 2 scrolls of teleportation {unknown}
 l - 3 scrolls of identify {unknown}
 p - a scroll of fog {unknown}
 q - a scroll of remove curse
 s - a scroll of enchant weapon {unknown}
 w - a scroll of blinking {unknown}
Potions
 i - a potion of agility {unknown}
 j - 2 potions of flight {unknown}
 m - 4 potions of haste {unknown}
 o - a potion of brilliance {unknown}
 u - a potion of curing {unknown}
 A - a potion of might {unknown}
Books
 e - a manual of Long Blades
Miscellaneous
 f - an ancient crate
Comestibles
 g - 5 rations {!d}
 z - 2 chunks of flesh


   Skills:
 - Level 2.1 Fighting
 + Level 2.1 Long Blades
 - Level 2.5 Dodging
 - Level 2.2 Stealth


You had 2 spell levels left.
You didn't know any spells.
Your spell library was empty.

Dungeon Overview and Level Annotations

Branches:
Dungeon (3/12)

Altars:
Qazlal

Annotations:
D:3 Sigmund


Innate Abilities, Weirdness & Mutations

You have hooves in place of feet.
Armour fits poorly on your strangely shaped body.
You cover ground very quickly.
You have extremely tough skin. (AC +3)


Message History

Sigmund hits you with a +0 scythe.
* * * LOW HITPOINT WARNING * * *
You hit Sigmund. You kick Sigmund.
Sigmund is severely wounded.
You hit Sigmund. Your kick misses Sigmund.
Sigmund is severely wounded.
Sigmund casts a spell at you. You resist with significant effort.
You barely miss Sigmund.
Sigmund is severely wounded.
Sigmund barely misses you.
You barely miss Sigmund.
Sigmund is severely wounded.
You hit Sigmund but do no damage. Your kick misses Sigmund.
Sigmund is severely wounded.
Sigmund barely misses you.
You hit Sigmund. Your kick misses Sigmund.
Sigmund is almost dead.
Sigmund hits you with a +0 scythe!
You die...

### #.. #.# ##.## ...
#####.####### #####.#
#............ ......####
####.#@########..
...#.#.#.#.#.#.#@#.#.#.#.#.P
###.#.#.#.#.#.#.#.#.#.#.#..
...#>#.#.#.#.#.#(#.#@#.#.#
.##.#.#.#.#.#.#.#.#.#.#.#
..@#.<@#.#.#.#.#.#.#.#.#
..#.#.#.#.#.#.#.#.#.#.#.#
...#.#.#.#.#.#.#.#.#.#.#.#
..#.#.#.#.#.#.#.#.#.#.#.#.#
...#.#.#.#.#.#.#.#.#.#.#.#.


You could see Sigmund.

Vanquished Creatures
  An adder skeleton (D:3)
  A worm (D:3)
  2 dart slugs
  A leopard gecko (D:1)
  2 giant cockroaches (D:2)
  3 goblins
  6 hobgoblins
  A quokka (D:2)
  3 bats
  2 frilled lizards
  10 kobolds
  3 rats
35 creatures vanquished.

Notes
Turn   | Place    | Note
-------+----------+-------------------------------------------
     0 | D:1      | SkaryMonk the Centaur Archaeologist began the quest for the
                  | Orb.
     0 | D:1      | Reached XP level 1. HP: 16/16 MP: 1/1
   465 | D:1      | Reached XP level 2. HP: 21/23 MP: 2/2
  1029 | D:2      | Found a stormy altar of Qazlal.
  1040 | D:2      | Became a worshipper of Qazlal Stormbringer
  1230 | D:2      | Reached XP level 3. HP: 19/29 MP: 3/3
  1752 | D:3      | Noticed Sigmund
  1787 | D:3      | Reached skill level 1 in Long Blades
  1944 | D:3      | Upgraded the game from bcrawl-1.12-8-g964540c432 to
                  | bcrawl-1.28.5
  1972 | D:3      | Slain by Sigmund

Skill      XL: |  1  2  3 |
---------------+----------+-----
Long Blades    | 2 |  2.1
Fighting       | 2 |  2.1
Dodging        | |  2.5
Stealth        | |  2.2

Action                   || total
-------------------------++-------
Melee: Club              ||    90
       Kick              ||    24
       Unarmed           ||     2
       Hand axe          ||    15
       Dagger            ||    75
  Use: Scroll            ||     1
 Stab: Sleeping          ||     1
  Eat: Chunk             ||     3
Armor: Robe              ||    71
Dodge: Dodged            ||    94
